 Dungeon Crawl Stone Soup version 0.31-a0-175-g9f7f995f2b (webtiles) character file.

Game seed: 549683503055796244

88 qw the Shooter (level 4, -1/28 HPs)
             Began as a Gargoyle Hunter on June 17, 2023.
             Slain by a hobgoblin (5 damage)
             ... led by Robin
             ... on level 3 of the Dungeon.
             The game lasted 00:00:46 (2426 turns).

qw the Shooter (Gargoyle Hunter)                    Turns: 2426, Time: 00:00:46

Health: -1/28      AC:  9    Str: 14    XL:     4   Next: 53%
Magic:  13/13      EV: 11    Int: 10    God:
Gold:   136        SH:  0    Dex: 15    Spells: 3/3 levels left

rFire   . . .        Y - +0 shortbow
rCold   + + .        (shield currently unavailable)
rNeg    + . .        h - +0 ring mail
rPois   inf          (no helmet)
rElec   +            (no cloak)
rCorr   .            f - +0 pair of gloves
SInv    .            (no boots)
Will    .....        (no amulet)
Stlth   +            a - ring of the Thoughtful Tables {rC++ MP+9}
HPRegen 0.24/turn    (no ring)
MPRegen 0.13/turn

%: no passive effects
@: no status effects
A: sickness immunity, AC +3, negative energy resistance 1, electricity
resistance, torment resistance 1, petrification resistance
a: no special abilities


You were on level 3 of the Dungeon.
You visited 1 branch of the dungeon, and saw 3 of its levels.

You collected 136 gold pieces.


Innate Abilities, Weirdness & Mutations

You are immune to sickness and miasma.
Your stone body is resilient. (AC +3)
You are immune to poison.
You resist negative energy. (rN+)
You are resistant to electric shocks. (rElec)
You are resistant to unholy torment.
You are immune to petrification.


   Skills:
 - Level 3.1 Fighting
 + Level 5.2 Ranged Weapons
 - Level 1.3 Armour
 - Level 1.5 Dodging
 - Level 1.1 Stealth


You had 3 spell levels left.
You didn't know any spells.
Your spell library was empty.

Inventory:

Hand Weapons
 Y - a +0 shortbow (weapon)
Armour
 f - a +0 pair of gloves (worn)
 h - a +0 ring mail (worn)
Jewellery
 a - the ring of the Thoughtful Tables (left hand) {rC++ MP+9}
   (You acquired it on level 1 of the Dungeon)

   [ring of magical power]

   rC:        It greatly protects you from cold.
   MP:        It affects your magic capacity (+9).
Scrolls
 c - a scroll of teleportation
 i - a scroll of vulnerability {unknown}
Potions
 b - a potion of invisibility {unknown}
 d - 2 potions of curing {unknown}
 e - a potion of mutation {unknown}
 g - a potion of experience {unknown}
 l - a potion of degeneration {unknown}

Dungeon Overview and Level Annotations

Branches:
Dungeon (3/15)

Altars:

Annotations:
D:3 Robin


Message History

You kill the goblin!
The hobgoblin hits you. The goblin hits you but does no damage.
The goblin completely misses you.
You shoot an arrow. The arrow barely misses the goblin.
The arrow closely misses the goblin.
The arrow completely misses Robin.
The hobgoblin hits you but does no damage.
The goblin barely misses you.
You shoot an arrow. The arrow closely misses the goblin.
The goblin hits you with a +0 dagger.
The hobgoblin hits you but does no damage.
The hobgoblin hits you. The goblin barely misses you. The goblin misses you.
The hobgoblin hits you but does no damage.
You shoot an arrow. The arrow hits the goblin!
You kill the goblin!
The hobgoblin barely misses you. The hobgoblin hits you. The goblin misses you.
You shoot an arrow. The arrow hits the hobgoblin!
You kill the hobgoblin!
The hobgoblin hits you but does no damage.
The goblin hits you but does no damage.
The hobgoblin hits you but does no damage.
You shoot an arrow. The arrow hits the goblin.
You kill the goblin!
The hobgoblin hits you but does no damage.
The goblin hits you but does no damage. The hobgoblin completely misses you.
You shoot an arrow.
The arrow hits the hobgoblin but does no damage.
The goblin no longer looks unusually strong.
The hobgoblin no longer looks unusually strong.
Robin roars a battlecry!
The goblins go into a battle-frenzy!
The hobgoblin hits you.
The hobgoblin hits you but does no damage.
The goblin barely misses you. The hobgoblin closely misses you.
The goblin hits you but does no damage. The goblin closely misses you.
The hobgoblin barely misses you.
You shoot an arrow. The arrow barely misses Robin.
The goblin no longer looks unusually strong.
The goblin hits you with a +0 dagger. Robin throws the goblin at you!
The goblin hits you with a +0 dagger. The hobgoblin hits you.
You die...

# #.###.# #...# #.#
#.##### #...####.#
#.....#
##...##...#######.#
........%...# #.#
##...##.###.# #.#
#...##.# #.# #.#
#.g.##.# #.#####.#
####.g@#..#
#.......#
......ggg.##
#########
......##### .....[
..... ..... ...#
...


You could see Robin, 2 hobgoblins and 2 goblins.

Vanquished Creatures
  3 adders
  A worm (D:2)
  A dart slug (D:2)
  4 ball pythons
  5 bats
  5 endoplasms
  6 hobgoblins
  6 kobolds
  3 quokkas
  A frilled lizard (D:1)
  10 goblins
  8 rats
53 creatures vanquished.

Notes
Turn   | Place    | Note
-------+----------+-------------------------------------------
     0 | D:1      | qw the Gargoyle Hunter began the quest for the Orb.
     0 | D:1      | Reached XP level 1. HP: 12/12 MP: 1/1
     0 | D:1      | 0 ||| qw: Version: 0.3-a-2-g5ab2908
     0 | D:1      | 0 ||| qw: Game counter: 384
     0 | D:1      | 0 ||| qw: Always use a shield: true
     0 | D:1      | 0 ||| qw: God list: Okawaru
     0 | D:1      | 0 ||| qw: Allow faded altars: false
     0 | D:1      | 0 ||| qw: Do Orc after D:15 true
     0 | D:1      | 0 ||| qw: Do second Lair branch before Depths: true
     0 | D:1      | 0 ||| qw: Lair rune preference: random
     0 | D:1      | 0 ||| qw: Plans: Normal, Zot:1-4, Slime:5, God:TSO, Crypt,
                  | Tomb, Abyss, Pan, Hells, Win
     0 | D:1      | 0 ||| PLANNING D:1-11
   150 | D:1      | Reached XP level 2. HP: 17/17 MP: 2/2
   203 | D:1      | Found a faded altar of an unknown god.
   935 | D:1      | 935 ||| UPGRADING to +0 pair of gloves.
   940 | D:1      | 940 ||| UPGRADING to +0 ring mail.
   950 | D:1      | 950 ||| DROPPING +0 leather armour.
   951 | D:1      | 951 ||| READING scroll labelled YBUGIF EBOTUEM.
   951 | D:1      | Identified a scroll of acquirement
   951 | D:1      | 951 ||| ACQUIRING ring of the Thoughtful Tables {rC++ MP+9}
   951 | D:1      | Acquired the ring of the Thoughtful Tables {rC++ MP+9}
   953 | D:1      | 953 ||| UPGRADING to ring of the Thoughtful Tables {rC++
                  | MP+9}.
  1029 | D:1      | 1029 ||| READING scroll labelled QOUROVVAOLL.
  1030 | D:1      | 1030 ||| DROPPING scroll of butterflies.
  1218 | D:2      | Reached skill level 1 in Armour
  1218 | D:2      | Reached XP level 3. HP: 16/21 MP: 3/3
  1355 | D:2      | Reached skill level 5 in Ranged Weapons
  1664 | D:2      | Reached XP level 4. HP: 27/27 MP: 4/4
  1965 | D:2      | 1965 ||| READING 2 scrolls labelled OQUKKOM JEGE.
  1968 | D:2      | 1968 ||| READING scroll labelled WIOWKU BOKE.
  1969 | D:2      | 1969 ||| READING scroll labelled HUZUPUR IFFAHO.
  1970 | D:2      | 1970 ||| READING scroll labelled LECUXKOROZ.
  2071 | D:2      | 2071 ||| READING scroll labelled QUOMIE VEEHU.
  2406 | D:3      | Reached skill level 3 in Fighting
  2414 | D:3      | Noticed Robin
  2426 | D:3      | HP: 7/28 [goblin/+0 dagger[Robin] (1)]
  2426 | D:3      | Slain by a hobgoblin

Levels and vault maps discovered:
D:1:      doesnt_arrival_eight_statues, layout_basic, serial_glass,
          glass_columns_b, glass_columns_a, feat_on_display,
          shapermc_ecumenical_altar_venn
D:2:      layout_basic, roderic_three_in_a_row, minmay_stone_trees_small
D:3:      layout_basic, serial_shops, nicolae_shop_real_fake_doors,
          minmay_pentangle, uniq_robin, uniq_grinder

Skill      XL: |  1  2  3  4 |
---------------+-------------+-----
Armour         | 1 |  1.3
Ranged Weapons | 5 |  5.2
Fighting       | 3 |  3.1
Dodging        | |  1.5
Stealth        | |  1.1

Action                     |  1- 3 |  4- 6 || total
---------------------------+-------+-------++-------
   Fire: Shortbow          |   116 |    57 ||   173
    Use: Scroll            |     2 |     5 ||     7
 Armour: Leather armour    |     8 |       ||     8
         Ring mail         |    17 |    22 ||    39
  Dodge: Dodged            |    31 |    29 ||    60

Table legend:
 A = Non-vault XP
 B = Vault XP
 C = Vault XP percentage of total XP
 D = Non-vault monster count
 E = Vault monster count
 F = Vault count percentage of total count
                 A         B        C        D         E       F
            +---------+---------+-------+---------+---------+-------
      Total |     113 |      13 |  10.3 |      46 |       7 |  13.2
            +---------+---------+-------+---------+---------+-------
        D:1 |      27 |       0 |   0.0 |      18 |       0 |   0.0
        D:2 |      58 |       0 |   0.0 |      19 |       0 |   0.0
        D:3 |      28 |      13 |  31.7 |       9 |       7 |  43.8
            +---------+---------+-------+---------+---------+-------
